 Dungeon Sprint DCSS version 0.16.2-12-gd0ad4c3 (webtiles) character file.

3178 Ponchio the Eclecticist (level 9, -3/45 HPs)
             Began as a Deep Elf Fire Elementalist on Nov 7, 2015.
             Was the Champion of Vehumet.
             Blown up by a great orb of eyes (14 damage)
             ... with a disintegration bolt
             ... while paralysed by a great orb of eyes
             ... in the Dungeon (Sprint V: "Ziggurat Sprint").
             The game lasted 00:20:03 (1054 turns).

Ponchio the Eclecticist (DEFE)                      Turns: 1054, Time: 00:20:04

Health: -3/45      AC:  3    Str:  5    XL:     9   Next: 63%
Magic:  37/40      EV:  2    Int: 33    God:    Vehumet [******]
Gold:   0          SH:  0    Dex: 27    Spells: 2 memorised, 33 levels left

rFire  . . .     SeeInvis .     J - +6 Majin-Bo {vamp, Archmagi MP+6 Int+6}
rCold  . . .     Clarity  .     a - +0 robe
rNeg   . . .     SustAb   .     (no shield)
rPois  .         Gourm    .     P - +0 helmet {Int+3}
rElec  .         Spirit   .     (no cloak)
rCorr  .         Warding  .     (no gloves)
rMut   .         NoTele   +     (no boots)
MR     .....                    T - amulet of regeneration
Stlth  +++.......               A - +6 ring of dexterity
                                y - +6 ring of dexterity

@: paralysed, not resistant to hostile enchantments, fairly stealthy
A: no striking features
a: Renounce Religion


You were in the Dungeon.
You worshipped Vehumet.
Vehumet was exalted by your worship.
You were not hungry.

You visited 1 branch

Inventory:

Hand weapons
 J - the +6 Majin-Bo (weapon) {vamp, Archmagi MP+6 Int+6}
   (You found it in the Dungeon)

   It inflicts no extra harm, but heals its wielder somewhat when it strikes a
   living foe.
   It affects your intelligence (+6).
   It affects your magic capacity (+6).
Armour
 a - a +0 robe (worn)
 K - the +15 Maxwell's patent armour {-Cast -Tele rElec MR+ rCorr}
   (You found it in the Dungeon)

   It insulates you from electricity.
   It affects your resistance to hostile enchantments.
   It prevents spellcasting.
   It prevents most forms of teleportation.
   It protects you from acid and corrosion.
 P - a +0 helmet of intelligence (worn)
Jewellery
 y - a +6 ring of dexterity (left hand)
 A - a +6 ring of dexterity (right hand)
 B - a +6 ring of intelligence
 C - a +6 ring of intelligence
 D - a +6 ring of strength
 E - a +6 ring of strength
 N - the ring of Yendor {rC+ rN+ Int+3 Dex-5 SInv}
   (You found it in the Dungeon)

   [ring of positive energy]

   It affects your intelligence (+3).
   It affects your dexterity (-5).
   It protects you from cold.
   It protects you from negative energy.
   It enhances your eyesight.
 T - an amulet of regeneration (around neck)
Magical devices
 F - a wand of disintegration (4)
 G - a wand of fire (3)
 H - a wand of cold (3)
 I - a wand of draining (5)
Scrolls
 i - 4 scrolls of blinking
 q - 4 scrolls of amnesia
 r - 3 scrolls of recharging
 s - 7 scrolls of fog
 t - a scroll of holy word
 u - 5 scrolls of identify
 v - 4 scrolls of remove curse
 w - 2 scrolls of fear
Potions
 d - 8 potions of curing
 e - 9 potions of heal wounds
 f - 5 potions of haste
 g - 7 potions of magic
 h - 3 potions of berserk rage
 j - 2 potions of brilliance
 k - 2 potions of invisibility
 l - 2 potions of restore abilities
 m - 3 potions of resistance
 o - 5 potions of agility
 p - 5 potions of might
Books
 b - a book of Flames

   Spells                             Type                      Level
   a - Flame Tongue                   Conjuration/Fire             1
   b - Throw Flame                    Conjuration/Fire             2
   c - Conjure Flame                  Conjuration/Fire             3
   d - Inner Flame                    Hexes/Fire                   3
   e - Sticky Flame                   Conjuration/Fire             4
   f - Fireball                       Conjuration/Fire             5
 L - an Akashic Record This book is beyond your current level of understanding.

   Spells                             Type                      Level
   a - Dispersal                      Translocation                6
   b - Controlled Blink               Translocation                7
   c - Malign Gateway                 Summoning/Translocation      7
   d - Disjunction                    Translocation                8
   e - Singularity                    Translocation                9
 R - a book of Clouds

   Spells                             Type                      Level
   a - Mephitic Cloud                 Conjuration/Poison/Air       3
   b - Conjure Flame                  Conjuration/Fire             3
   c - Poisonous Cloud                Conjuration/Poison/Air       6
   d - Freezing Cloud                 Conjuration/Ice/Air          6
   e - Ring of Flames                 Charms/Fire                  7
 S - a book of Hinderance

   Spells                             Type                      Level
   a - Confusing Touch                Hexes                        2
   b - Confuse                        Hexes                        3
   c - Petrify                        Transmutation/Earth          4
   d - Metabolic Englaciation         Hexes/Ice                    5
   e - Gell's Gravitas                Hexes/Translocation          5
   f - Summon Mana Viper              Hexes/Summoning              5
Miscellaneous
 n - a phial of floods
 M - a phantom mirror
 O - a stone of tremors
Comestibles
 c - 5 bread rations
 x - 38 fruits
 z - 4 meat rations


   Skills:
 + Level 14.2 Dodging
 - Level 2.4 Stealth
 + Level 15.5 Spellcasting
 + Level 13.1 Conjurations
 - Level 3.2 Fire Magic
 - Level 8.8 Evocations


You had 33 spell levels left.
You knew the following spells:

 Your Spells              Type           Power        Failure   Level  Hunger
a - Flame Tongue          Conj/Fire      #####        1%          1    None
b - Fireball              Conj/Fire      #######...   1%          5    None


Dungeon Overview and Level Annotations

Branches:
Dungeon (1/1)

Altars:
Ashenzari
Cheibriados
Dithmenos
Elyvilon
Fedhas
Gozag
Kikubaaqudgha
Makhleb
Nemelex Xobeh
Okawaru
Qazlal
Ru
Sif Muna
Trog
Vehumet
Xom
Yredelemnul
Zin
The Shining One
Beogh
Jiyva
Lugonu


Message History

The great orb of eyes gazes at you.
You suddenly lose the ability to move!
The great orb of eyes gazes at you. You resist with significant effort.
The crimson imp hits you but does no damage.
The ufetubus hits you but does no damage.
The ufetubus hits you. The crimson imp barely misses you.
The ufetubus hits you.
The ufetubus hits you but does no damage.
The ufetubus hits you. x2
* * * LOW HITPOINT WARNING * * *
The crimson imp sputters.
The crimson imp hits you but does no damage.
The ufetubus hits you.
* * * LOW HITPOINT WARNING * * *
The ufetubus hits you.
* * * LOW HITPOINT WARNING * * *
The great orb of eyes gazes at you.
You are blasted!
You die...

8©8 ▓..8©8..▓
..}[})...▓..)†...▓
▓...)=?...▓..[)[..▓
▓.........▓..)))..▓
▓.........▓.......▓
▓.........▓.......▓
▓.........▓.......▓
▓...G55...▓.▓...▓.▓
▓....@....▓.......▓
▓▓▓▓▓▓▓▓▓▓▓▓▓▓▓▓▓▓▓
▓..8©8..▓ ▓....|..▓
▓..=}?..▓ ▓.......▓
▓.......▓ ▓.......▓
▓.......▓


You could see a great orb of eyes, a crimson imp and an ufetubus.

Vanquished Creatures
  A deep elf knight (D)
  A deep elf conjurer (D)
  A naga mage (D)
  2 wind drakes (D)
  A raiju (D)
  A golden eye (D)
  4 insubstantial wisps (D)
  2 nagas (D)
  A necrophage (D)
  A water moccasin (D)
  A phantom (D)
  An eye of draining (D)
  2 jellies (D)
  3 orc priests (D)
  3 orc wizards (D)
  An adder (D)
  2 shadow imps (D)
  An ufetubus (D)
  An ooze (D)
  2 orcs (D)
  A ball python (D)
  A quokka skeleton (D)
34 creatures vanquished.

Notes
Turn   | Place    | Note
--------------------------------------------------------------
     0 | D        | Ponchio, the Deep Elf Fire Elementalist, began the quest for the Orb.
     0 | D        | Reached XP level 1. HP: 10/10 MP: 5/5
     0 | D        | Found a viscous altar of Jiyva.
     0 | D        | Found a corrupted altar of Lugonu.
     0 | D        | Found a white marble altar of Elyvilon.
     1 | D        | Found a burning altar of Makhleb.
     1 | D        | Found an iron altar of Okawaru.
     3 | D        | Found a sparkling altar of Nemelex Xobeh.
     3 | D        | Found a basalt altar of Yredelemnul.
     3 | D        | Found a deep blue altar of Sif Muna.
     3 | D        | Found a radiant altar of Vehumet.
     7 | D        | Found a bloodstained altar of Trog.
     7 | D        | Found a shimmering altar of Xom.
    34 | D        | Became a worshipper of Vehumet
    56 | D        | Reached skill level 8 in Evocations
    56 | D        | Reached XP level 2. HP: 15/15 MP: 7/8
   103 | D        | Entered arena 1.
   103 | D        | Noticed a deep elf knight
   103 | D        | Noticed a deep elf conjurer
   107 | D        | Killed a deep elf knight
   107 | D        | Reached skill level 9 in Dodging
   107 | D        | Reached skill level 10 in Spellcasting
   107 | D        | Reached XP level 3. HP: 15/19 MP: 15/20
   107 | D        | Reached XP level 4. HP: 18/24 MP: 16/23
   107 | D        | Reached XP level 5. HP: 21/28 MP: 17/25
   107 | D        | Reached XP level 6. HP: 24/32 MP: 17/26
   107 | D        | Reached XP level 7. HP: 27/36 MP: 18/28
   109 | D        | Killed a deep elf conjurer
   109 | D        | Reached skill level 11 in Dodging
   184 | D        | Learned a level 5 spell: Fireball
   186 | D        | Entered arena 2.
   186 | D        | Noticed a necrophage
   186 | D        | Noticed a phantom
   188 | D        | Killed a phantom
   188 | D        | Acquired Vehumet's first power
   188 | D        | Offered knowledge of Magic Dart by Vehumet.
   188 | D        | Reached skill level 12 in Spellcasting
   188 | D        | Reached skill level 10 in Conjurations
   191 | D        | Killed a necrophage
   191 | D        | Reached XP level 8. HP: 18/41 MP: 17/31
   366 | D        | Entered arena 3.
   366 | D        | Noticed an orc wizard
   366 | D        | Noticed an orc priest
   366 | D        | Noticed an orc priest
   366 | D        | Noticed an orc priest
   367 | D        | Killed an orc priest
   367 | D        | Offered knowledge of Shock by Vehumet.
   367 | D        | Killed an orc priest
   368 | D        | Killed an orc wizard
   368 | D        | Killed an orc priest
   460 | D        | Entered arena 4.
   460 | D        | Noticed an orc wizard
   460 | D        | Noticed an orc wizard
   461 | D        | Killed an orc wizard
   461 | D        | Acquired Vehumet's second power
   461 | D        | Killed an orc wizard
   469 | D        | Got the ring of Yendor {rC+ rN+ Int+3 Dex-5 SInv}
   540 | D        | Entered arena 5.
   540 | D        | Noticed an eye of draining
   540 | D        | Noticed a golden eye
   540 | D        | Noticed a jelly
   540 | D        | Noticed a jelly
   541 | D        | Offered knowledge of Mephitic Cloud by Vehumet.
   541 | D        | Killed a jelly
   541 | D        | Acquired Vehumet's third power
   541 | D        | Killed a jelly
   541 | D        | Reached skill level 13 in Spellcasting
   541 | D        | Killed a golden eye
   542 | D        | Killed an eye of draining
   623 | D        | Entered arena 6.
   623 | D        | Noticed a naga
   623 | D        | Noticed a water moccasin
   623 | D        | Noticed a naga
   623 | D        | Noticed a naga mage
   624 | D        | Killed a water moccasin
   627 | D        | Killed a naga
   628 | D        | Killed a naga mage
   628 | D        | Reached skill level 14 in Spellcasting
   628 | D        | Reached XP level 9. HP: 23/45 MP: 27/33
   628 | D        | Killed a naga
   807 | D        | Entered arena 7.
   807 | D        | Noticed a wind drake
   807 | D        | Noticed an insubstantial wisp
   807 | D        | Noticed an insubstantial wisp
   807 | D        | Noticed an insubstantial wisp
   807 | D        | Noticed a wind drake
   807 | D        | Noticed an insubstantial wisp
   810 | D        | Killed a wind drake
   810 | D        | Offered knowledge of Fulminant Prism by Vehumet.
   811 | D        | Killed a wind drake
   812 | D        | Killed an insubstantial wisp
   812 | D        | Reached skill level 15 in Spellcasting
   814 | D        | Killed an insubstantial wisp
   815 | D        | Killed an insubstantial wisp
   826 | D        | Killed an insubstantial wisp
  1045 | D        | Entered arena 8.
  1045 | D        | Noticed a crimson imp
  1045 | D        | Noticed a raiju
  1045 | D        | Noticed a great orb of eyes
  1046 | D        | Offered knowledge of Bolt of Magma by Vehumet.
  1048 | D        | Killed a raiju
  1048 | D        | Paralysed by a great orb of eyes for 7 turns
  1054 | D        | Blown up by a great orb of eyes

Action                   |  1- 3 |  4- 6 |  7- 9 || total
-------------------------+-------+-------+-------++-------
Melee: Quarterstaff      |       |       |     1 ||     1
 Cast: Fireball          |       |       |    23 ||    23
Evoke: Wand              |     3 |       |     4 ||     7
       Phial of floods   |       |       |     2 ||     2
  Use: Potion            |     1 |       |     5 ||     6
       Scroll            |       |       |     1 ||     1
  Eat: Fruit             |     2 |       |     2 ||     4
       Chunk             |       |       |     2 ||     2
